 Dungeon Crawl Stone Soup version 0.32-a0-411-g744942f433 (webtiles) character file.

Game seed: 17067569137430205765

22285 Sobieck the Spear-Bearer (level 12, -5/95 HPs)
             Began as a Coglin Gladiator on Feb 20, 2024.
             Was the Champion of Cheibriados.
             Constricted to death by Jorgrun (9 damage)
             ... on level 12 of the Dungeon.
             The game lasted 00:35:31 (12857 turns).

Sobieck the Spear-Bearer (Coglin Gladiator)        Turns: 12857, Time: 00:35:31

Health: -5/95      AC: 18    Str: 40    XL:     12   Next: 98%
Magic:  17/17      EV: 16    Int: 29    God:    Cheibriados [******]
Gold:   578        SH:  5    Dex: 34    Spells: 11/11 levels left

rFire   . . .        p - +2 spear (venom) {Jia}
rCold   . . .        H - +2 spear "Vir Bau" {venom, rElec Will+ Dex+3 Stlth+}
rNeg    . . .        S - +1 chain mail {Will+}
rPois   .            y - +2 helmet
rElec   +            s - +0 cloak
rCorr   .            (no gloves)
SInv    .            f - +1 pair of boots
Will    ++...        r - amulet of reflection
Stlth   +            x - +6 ring of intelligence
HPRegen 0.35/turn    E - +6 ring of strength
MPRegen 0.15/turn

%: reflection
@: grasped by roots, immotile, constricted, revving, very slow
A: off-hand wielding, slow wielding, warmup strikes, legs shutdown
a: Renounce Religion, Bend Time, Temporal Distortion, Slouch, Step From Time


You were on level 12 of the Dungeon.
You worshipped Cheibriados.
Cheibriados was exalted by your worship.
You visited 1 branch of the dungeon, and saw 12 of its levels.
You also visited: Sewer.

You collected 996 gold pieces.
You spent 418 gold pieces at shops.

Inventory:

Hand Weapons
 a - a +0 trident of flaming {Hua}
 h - a +0 dagger {Gurmehar}
 p - a +2 spear of venom (weapon) {Jia}
 H - the +2 spear "Vir Bau" (offhand) {venom, rElec Will+ Dex+3 Stlth+}
   (You found it on level 9 of the Dungeon)

   Dex+3:     It affects your dexterity (+3).
   rElec:     It insulates you from electricity.
   Will+:     It increases your willpower.
   Stlth+:    It makes you more stealthy.
 N - the +3 rapier "Beqeme" {flame, +Blink rCorr Dex+2}
   (You took it off a centaur on level 9 of the Dungeon)

   Dex+2:     It affects your dexterity (+2).
   +Blink:    It lets you blink.
   rCorr:     It protects you from acid and corrosion.
Missiles
 j - 100 stones
 k - 26 poisoned darts
 t - 3 boomerangs (quivered)
 v - a javelin
 F - 11 curare-tipped darts
 Z - 3 throwing nets
Armour
 b - a +0 leather armour
 c - a +0 helmet
 d - a +0 chain mail
 f - a +1 pair of boots (worn)
 l - a +0 scale mail
 s - a +0 cloak (worn)
 y - a +2 helmet (worn)
 S - a +1 chain mail of willpower (worn)
Magical Staves
 z - a staff of conjuration
 L - a staff of cold
Jewellery
 g - a ring of resist corrosion
 r - an amulet of reflection (around neck)
 w - a ring of wizardry
 x - a +6 ring of intelligence (left grasper)
 E - a +6 ring of strength (right grasper)
 G - an amulet of faith
Wands
 C - a wand of mindburst (23)
 D - a wand of digging (9)
 I - a wand of acid (5)
 M - a wand of roots (17)
 O - a wand of polymorph (3)
 V - a wand of flame (45)
Scrolls
 e - 3 scrolls of brand weapon
 o - a scroll of fog
 q - 6 scrolls of vulnerability
 J - a scroll of butterflies {unknown}
 R - a scroll of noise
 T - 6 scrolls of teleportation
 U - a scroll of fear
Potions
 i - 2 potions of enlightenment
 m - a potion of mutation
 n - 2 potions of attraction
 u - 2 potions of lignification
 A - 2 potions of might
 K - a potion of brilliance
 P - 5 potions of ambrosia
 Q - a potion of curing
Miscellaneous
 B - a lightning rod (3/4)


   Skills:
 - Level 9.0 Fighting
 - Level 10.9 Polearms
 - Level 1.7 Throwing
 - Level 7.9 Armour
 - Level 8.5 Dodging
 + Level 6.7 Invocations
 - Level 8.0 Evocations


You had 11 spell levels left.
You didn't know any spells.
Your spell library contained the following spells:

 Spells                   Type           Power      Damage    Failure   Level
 Stone Arrow              Conj/Erth      0%         3d7       63%         3
 Summon Ice Beast         Ice/Summ       0%         N/A       63%         3
 Tukima's Dance           Hex            0%         N/A       63%         3
 Animate Armour           Summ/Erth      0%         N/A       95%         4
 Animate Dead             Necr           0%         N/A       95%         4
 Dimensional Bullseye     Hex/Tloc       0%         N/A       95%         4
 Iskenderun's Mystic Bla  Conj/Tloc      0%         2d3       95%         4
 Passage of Golubria      Tloc           0%         N/A       95%         4
 Summon Lightning Spire   Summ/Air       0%         N/A       95%         4
 Borgnjor's Vile Clutch   Necr/Erth      0%         N/A       100%        5
 Lee's Rapid Deconstruct  Erth           0%         3d4*      100%        5
 Summon Mana Viper        Hex/Summ       0%         N/A       100%        5
 Yara's Violent Unravell  Hex/Alch       0%         3d3       100%        5
 Death Channel            Necr           0%         N/A       100%        6
 Monstrous Menagerie      Summ           0%         N/A       100%        7
 Lehudib's Crystal Spear  Conj/Erth      0%         10d2      100%        8


Dungeon Overview and Level Annotations

Branches:
Dungeon (12/15)            Temple (0/1) D:7            Lair (0/5) D:10
    Orc (0/2) D:10          Sewer (visited)

Altars:
Ashenzari
Cheibriados
Dithmenos
Gozag
Kikubaaqudgha
Makhleb
Nemelex Xobeh
Qazlal
Sif Muna
Uskayaw
Vehumet
Xom
Zin

Shops:
D:2 =*=:=   D:6 [*

Annotations:
D:7 3 runed translucent doors, Melum's ghost, novice OnSh
D:12 Jorgrun


Innate Abilities, Weirdness & Mutations

You can wield a second weapon in your off-hand.
It takes a long time for you to wield or remove held weapons.
Your first few attacks do less damage.
Attacking and casting redirects power from your legs.


Message History

You reach to attack!
You hit Jorgrun but do no damage.
Jorgrun is poisoned.
You closely miss Jorgrun with the +2 spear "Vir Bau".
You reach to attack!
You closely miss Jorgrun with your +2 spear of venom.
You barely miss Jorgrun with the +2 spear "Vir Bau".
Jorgrun gestures at you while chanting. The iron shot misses you.
The grasping roots constrict you.
You reach to attack!
You hit Jorgrun with your +2 spear of venom.
Jorgrun looks as sick as possible!
Jorgrun is lightly wounded.
You closely miss Jorgrun with the +2 spear "Vir Bau".
You reach to attack!
You hit Jorgrun but do no damage.
Jorgrun is lightly wounded.
You hit Jorgrun but do no damage.
Jorgrun gestures next to you while chanting.
Some rock shatters into small pieces.
The grasping roots constrict you!
* * * LOW HITPOINT WARNING * * *
You are too injured to fight recklessly!
You are too injured to fight recklessly!
You are too injured to fight recklessly!
Unknown command.
You are too injured to fight recklessly!
Aiming: Polymorph
Press: ? - help, Shift-Dir - straight line, f/p - Jorgrun
Aim: Jorgrun, wielding a +0 heavy quarterstaff and wearing a +2 robe (lightly wounded, extremely poisoned, will become a dire elephant, a green draconian, or a formless jellyfish, chance to affect: 2%)
Okay, then.
Unknown command.
Aiming: Thunderbolt
Press: ? - help, Shift-Dir - straight line, f/p - Jorgrun
Aim: Jorgrun, wielding a +0 heavy quarterstaff and wearing a +2 robe (lightly wounded, extremely poisoned)
The thunderbolt hits Jorgrun.
Jorgrun is lightly wounded.
You hear two shouts!
You hear a horrible gurgling sound!
The grasping roots constrict you!
* * * LOW HITPOINT WARNING * * *
Unknown command.
You closely miss Jorgrun with your +2 spear of venom.
Jorgrun is lightly wounded.
You barely miss Jorgrun with the +2 spear "Vir Bau".
Unknown command.
You hit Jorgrun but do no damage.
Jorgrun looks as sick as possible!
Jorgrun is lightly wounded.
You barely miss Jorgrun with your +2 spear of venom.
Jorgrun gestures at you while chanting. The iron shot hits you!!!
* * * LOW HITPOINT WARNING * * *
The grasping roots constrict you!
You die...
Cheibriados appreciates the motionlessness of death.

. ###.. #########
...>. ........#
...#..
<......<###......
.............#...
##.......@.....#
#.#.##..g...###
#..........##
###.##.#..## #
..#..# #.#...# ..
...# #.# ...#


You could see Jorgrun (extremely poisoned).

Vanquished Creatures
  Erolcha (D:9)
  A hydra (D:9)
  Fannar (D:10)
  A death knight (D:9)
  Erica (D:9)
  A boulder beetle (D:10)
  3 two-headed ogres
  Lodul (D:10)
  Pikel (D:6)
  A manticore (D:9)
  A cyclops (D:9)
  Maurice (D:7)
  Joseph (D:7)
  An elephant (D:10)
  An efreet (D:11)
  Psyche (D:9)
  3 komodo dragons
  A queen bee (D:10)
  4 trolls
  3 hornets
  Grinder (D:4)
  A slime creature (D:9)
  2 shadows (D:11)
  3 vampires
  9 yaks
  A steam dragon (D:7)
  A basilisk (D:9)
  4 vampire mosquitoes (D:11)
  Edmund (D:4)
  2 chaos spawn (D:10)
  Duvessa (D:7)
  2 acid dragons
  A harpy simulacrum (D:11)
  3 water moccasins
  6 orc warriors
  A sky beast (D:7)
  5 black bears
  2 ice beasts
  4 centaurs
  10 ogres
  2 lemures (D:6)
  2 phantoms (D:6)
  7 kobold brigands
  6 bullfrogs
  5 scorpions
  4 wights (D:8)
  Dowan (D:7)
  30 killer bees
  4 howler monkeys
  4 electric eels (D:7)
  5 hounds
  2 bombardier beetles (D:4)
  11 orc priests
  A gnoll bouda (D:10)
  10 orc wizards
  A sleepcap (D:6)
  4 iguanas
  8 gnolls
  12 adders
  A white imp (D:6)
  3 ribbon worms
  9 dart slugs
  36 orcs
  4 bats
  17 endoplasms
  8 giant cockroaches (Sewer)
  5 goblins
  4 hobgoblins
  31 kobolds
  4 quokkas
  16 ball pythons
  17 frilled lizards
  6 rats
369 creatures vanquished.

Vanquished Creatures (others)
  An orc (D:9)
1 creature vanquished.

Grand Total: 370 creatures vanquished

Notes
Turn   | Place    | Note
-------+----------+-------------------------------------------
     0 | D:1      | Sobieck the Coglin Gladiator began the quest for the Orb.
     0 | D:1      | Reached XP level 1. HP: 16/16 MP: 1/1
    43 | D:1      | Reached skill level 3 in Polearms
   100 | D:1      | Reached XP level 2. HP: 17/22 MP: 2/2
   386 | D:1      | Reached XP level 3. HP: 27/27 MP: 3/3
   675 | D:1      | Reached skill level 4 in Polearms
  1049 | D:2      | Found Ybynu's Book Shop.
  1073 | D:2      | Found Maitel's Jewellery Emporium.
  1083 | D:2      | Found Isig Yfi's Assorted Antiques.
  1236 | D:2      | Reached XP level 4. HP: 30/33 MP: 4/4
  1276 | D:2      | Found Viqihiyw's Jewellery Shop.
  1441 | D:2      | Found Cullah's Jewellery Emporium.
  1510 | D:2      | Bought a runed spear for 120 gold pieces
  1621 | D:2      | Bought a scroll labelled FIMIRU ZIUFRAR for 20 gold pieces
  1695 | D:3      | Noticed a scorpion
  1704 | D:3      | Killed a scorpion
  1705 | D:3      | Reached skill level 5 in Polearms
  1705 | D:3      | Reached XP level 5. HP: 29/38 MP: 5/5
  2038 | D:3      | Found a radiant altar of Vehumet.
  2394 | D:4      | Reached XP level 6. HP: 39/45 MP: 6/6
  2447 | D:4      | Reached skill level 1 in Armour
  2447 | D:4      | Reached skill level 3 in Dodging
  2448 | D:4      | Found a glowing drain.
  2457 | Sewer    | Entered a sewer
  2741 | Sewer    | Reached skill level 6 in Polearms
  2886 | Sewer    | Reached XP level 7. HP: 50/51 MP: 7/7
  2901 | Sewer    | Reached skill level 3 in Fighting
  3070 | D:4      | Noticed Grinder
  3084 | D:4      | Killed Grinder
  3369 | D:4      | Reached XP level 8. HP: 60/60 MP: 8/8
  3404 | D:4      | Found a hide-covered altar of Uskayaw.
  3746 | D:4      | Reached skill level 7 in Polearms
  3782 | D:4      | Noticed Edmund
  3796 | D:4      | Killed Edmund
  3872 | D:4      | Reached skill level 3 in Armour
  4029 | D:5      | Entered Level 5 of the Dungeon
  4313 | D:5      | Found an ancient bone altar of Kikubaaqudgha.
  4313 | D:5      | Found a broken altar of Ashenzari.
  4685 | D:5      | Found a shimmering altar of Xom.
  4726 | D:5      | Found a snail-covered altar of Cheibriados.
  4737 | D:5      | Became a worshipper of Cheibriados the Contemplative
  4915 | D:5      | Found a shimmering blue altar of Sif Muna.
  5372 | D:6      | Found Pyextecriz's General Store.
  5372 | D:6      | Found an opulent altar of Gozag.
  5522 | D:6      | Reached skill level 8 in Polearms
  5522 | D:6      | Reached XP level 9. HP: 67/67 MP: 9/9
  5542 | D:6      | Found a glowing silver altar of Zin.
  5651 | D:6      | Reached * piety under Cheibriados
  6168 | D:6      | Reached skill level 1 in Evocations
  6216 | D:6      | Found Owady's Armour Boutique.
  6359 | D:6      | Noticed Pikel
  6380 | D:6      | Killed Pikel
  6478 | D:7      | Found a staircase to the Ecumenical Temple.
  6561 | D:7      | Reached skill level 3 in Invocations
  6579 | D:7      | Noticed Duvessa
  6579 | D:7      | Noticed Dowan
  6596 | D:7      | Killed Duvessa
  6602 | D:7      | Killed Dowan
  6742 | D:7      | Reached ** piety under Cheibriados
  6743 | D:7      | Reached XP level 10. HP: 74/74 MP: 13/13
  6752 | D:7      | Noticed Joseph
  6764 | D:7      | Killed Joseph
  6776 | D:7      | Noticed Melum's ghost (novice OnSh)
  6778 | D:7      | Found a runed translucent gate.
  6778 | D:7      | Found a runed translucent gate.
  6778 | D:7      | Found a runed translucent gate.
  6986 | D:2      | Bought a grey potion for 18 gold pieces
  6986 | D:2      | Bought a scroll of identify for 40 gold pieces
  6986 | D:2      | Bought a scroll of teleportation for 60 gold pieces
  6986 | D:2      | Bought a short ivory wand for 80 gold pieces
  6986 | D:2      | Bought a curved lead wand for 80 gold pieces
  7148 | D:7      | Noticed Maurice
  7153 | D:7      | Maurice stole an amulet of faith
  7156 | D:7      | Killed Maurice
  7157 | D:7      | Reached skill level 6 in Fighting
  7316 | D:7      | Reached skill level 6 in Dodging
  7494 | D:7      | Reached skill level 9 in Polearms
  7930 | D:8      | Reached *** piety under Cheibriados
  8132 | D:8      | Reached **** piety under Cheibriados
  8255 | D:8      | Paralysed by a hornet for 2 turns
  8652 | D:8      | Reached skill level 6 in Armour
  9012 | D:9      | Reached XP level 11. HP: 64/84 MP: 14/14
  9262 | D:9      | Noticed Erolcha
  9269 | D:9      | Killed Erolcha
  9567 | D:9      | Noticed a seven-headed hydra
  9568 | D:9      | Noticed Psyche
  9571 | D:9      | Killed a seven-headed hydra
  9588 | D:9      | Paralysed by a hornet for 2 turns
  9591 | D:9      | Noticed Erica
  9591 | D:9      | Noticed a cyclops
  9598 | D:9      | Killed a cyclops
  9603 | D:9      | Noticed a death knight
  9603 | D:9      | Identified the +3 rapier "Beqeme" {flame, +Blink rCorr
                  | Dex+2}
  9605 | D:9      | Killed Erica
  9606 | D:9      | Reached skill level 10 in Polearms
  9614 | D:9      | Noticed a manticore
  9623 | D:9      | Killed a death knight
 10183 | D:9      | Killed Psyche
 10337 | D:9      | Identified the +2 spear "Vir Bau" {venom, rElec Will+ Dex+3
                  | Stlth+}
 10408 | D:9      | Reached ***** piety under Cheibriados
 10585 | D:9      | Killed a manticore
 10712 | D:10     | Entered Level 10 of the Dungeon
 10720 | D:10     | Found a staircase to the Orcish Mines.
 10736 | D:10     | Reached XP level 12. HP: 94/94 MP: 15/15
 10772 | D:10     | Found a shimmering altar of Xom.
 10772 | D:10     | Found the +7 mace of Variability {chaos, chaos arc}
 10841 | D:10     | Noticed a two-headed ogre
 10856 | D:10     | Killed a two-headed ogre
 11082 | D:10     | Reached skill level 9 in Fighting
 11084 | D:10     | Reached ****** piety under Cheibriados
 11245 | D:10     | Noticed a boulder beetle
 11260 | D:10     | Killed a boulder beetle
 11307 | D:10     | Found a shadowy altar of Dithmenos.
 11317 | D:10     | Found a stormy altar of Qazlal.
 11483 | D:10     | Found a staircase to the Lair.
 11509 | D:10     | Noticed Lodul
 11526 | D:10     | Killed Lodul
 11527 | D:10     | Reached skill level 6 in Evocations
 11630 | D:10     | Found a sparkling altar of Nemelex Xobeh.
 11724 | D:10     | Found a burning altar of Makhleb.
 11724 | D:10     | Noticed a balrug
 11796 | D:10     | Noticed Fannar
 11811 | D:10     | Killed Fannar
 12367 | D:11     | Noticed a two-headed ogre
 12374 | D:11     | Killed a two-headed ogre
 12539 | D:11     | Reached skill level 6 in Invocations
 12640 | D:12     | Noticed a two-headed ogre
 12715 | D:12     | Noticed Jorgrun
 12729 | D:11     | Killed a two-headed ogre
 12857 | D:12     | HP: 4/95 [Jorgrun/iron shot (40)]
 12857 | D:12     | Constricted to death by Jorgrun

Illustrated notes

Levels and vault maps discovered:
D:1:      giann_bridges, layout_loops_ring, minmay_3d_cube
D:2:      layout_basic, serial_shops, shop_statue, shop, shop, shop,
          nicolae_shop_gaudy_bauble
D:3:      layout_rooms, old_standard_altar, minmay_gold_behind_fungi
D:4:      layout_loops_ring, eat_drink_and_be_merry_uskayaw,
          portal_sewer_entry_d, uniq_edmund, uniq_grinder
D:5:      layout_basic, lemuel_coloured_pillars_altar,
          mainiacjoe_overflow_paths, nicolae_overflow_two_pavilions,
          slow_altar_2
D:6:      layout_loops_corners, nicolae_gozag_seed_capital, lemuel_round_altar,
          serial_shops, shop, nicolae_stop_n_shop_1, minmay_misc_feat_rows,
          uniq_pikel
D:7:      layout_basic, temple_doors_e, gammafunk_ghost_split, serial_bayou,
          serial_bayou_pond_a, serial_bayou_ford_a, serial_bayou_lake_a,
          serial_bayou_pond_b, uniq_maurice, uniq_duvessa, uniq_joseph
D:8:      layout_basic, kennysheep_windowed_goal
D:9:      minmay_the_grid_four_pointed_star
          [minmay_the_grid_triangle_9x9_thin_v,
          minmay_the_grid_triangle_9x9_zippers_horizontal,
          minmay_the_grid_triangle_9x9_flanged_cone,
          minmay_the_grid_triangle_9x9_checkered,
          minmay_the_grid_prize_four_corners_diamond_b], layout_gridville,
          uniq_psyche, uniq_erolcha, uniq_erica
D:10:     layout_gridville, makhleb_altar_promises_db,
          overflow_temple_1_default, nemelex_diamond_rough_becter,
          nicolae_dithmenos_through_a_glass_darkly,
          grunt_lair_entry_orc_guard_hut, orc_0_dummy, special_room
          [special_room_bee], minmay_guarded_unrand_variability, uniq_lodul,
          uniq_fannar
D:11:     layout_rooms
D:12:     cheibrodos_histonic, layout_rooms,
          portal_ice_cave_entry_animals_and_master, nicolae_zig_zag_zippers,
          uniq_jorgrun

Skill      XL: |  1  2  3  4  5  6  7  8  9 10 11 12 |
---------------+-------------------------------------+-----
Polearms       | 3 4 5 6 8 9 10 | 10.9
Armour         | 1 2 3 4 6 7 |  7.9
Dodging        | 3 4 5 6 8 |  8.5
Fighting       | 3 4 5 7 8 9 |  9.0
Evocations     | 4 8 |  8.0
Invocations    | 4 6 |  6.7
Throwing       | |  1.7

Action                     |  1- 3 |  4- 6 |  7- 9 | 10-12 || total
---------------------------+-------+-------+-------+-------++-------
  Melee: Trident           |    79 |     6 |   214 |   257 ||   556
         Dagger            |    23 |     3 |       |       ||    26
         Spear             |       |   121 |   222 |   841 ||  1184
         Rapier            |       |    90 |    17 |       ||   107
  Throw: Boomerang         |       |     9 |     6 |    25 ||    40
         Javelin           |       |     1 |       |       ||     1
         Dart              |       |       |       |     3 ||     3
 Invoke: Bend Time         |       |       |       |     1 ||     1
  Evoke: Wand              |       |       |       |     7 ||     7
         Lightning rod     |       |       |       |     1 ||     1
    Use: Scroll            |       |       |    10 |    15 ||    25
         Potion            |       |       |     1 |     8 ||     9
   Stab: Sleeping          |     1 |       |       |       ||     1
 Armour: Leather armour    |    13 |       |       |       ||    13
         Scale mail        |    11 |    55 |     8 |       ||    74
         Chain mail        |       |       |    75 |   223 ||   298
  Dodge: Dodged            |    33 |    26 |    50 |   278 ||   387
  Block: Other             |       |       |     4 |    69 ||    73
         Reflection        |       |       |       |     8 ||     8

Table legend: (Time is in decaauts)
 A = Elapsed time spent in this place.
 B = Non-inter-level travel time spent in this place.
 C = Inter-level travel time spent in this place.
 D = Time resting spent in this place.
 E = Time spent auto-exploring this place.
 F = Levels seen in this place.
 G = Mean time per level.
                   A        B        C        D        E       F      G
               +--------+--------+--------+--------+--------+-----+--------+
         Total |  15638 |  14618 |   1020 |   1829 |   9976 |  13 | 1202.9 |
       Dungeon |  14973 |  13953 |   1020 |   1657 |   9816 |  12 | 1247.8 |
         Sewer |    665 |    665 |      0 |    172 |    160 |   1 |  665.0 |
               +--------+--------+--------+--------+--------+-----+--------+

Top non-repeatable levels by time:
     D:9: 2174 daAuts
    D:10: 1871 daAuts
     D:7: 1706 daAuts
     D:5: 1559 daAuts
     D:8: 1520 daAuts
     D:6: 1373 daAuts
     D:4: 1192 daAuts
    D:11: 1159 daAuts
     D:1: 828 daAuts
     D:2: 818 daAuts
     D:3: 753 daAuts
   Sewer: 665 daAuts
    D:12: 18 daAuts
